 Dungeon Crawl Stone Soup version 0.18-b1-10-g3f7de93 (webtiles) character file.

21 juanjsm the Sneak (level 2, -1/13 HPs)
             Began as a Spriggan Enchanter on Apr 29, 2016.
             Slain by a hobgoblin
             ... wielding a +0 club
              (6 damage)
             ... on level 1 of the Dungeon.
             The game lasted 00:01:48 (317 turns).

juanjsm the Sneak (Spriggan Enchanter)               Turns: 317, Time: 00:01:49

Health: -1/13      AC:  3    Str:  4    XL:     2   Next: 62%
Magic:  1/6        EV: 18    Int: 16    God:
Gold:   70         SH:  0    Dex: 16    Spells: 2 memorised, 3 levels left

rFire  . . .     SeeInvis +     a - +1 dagger
rCold  . . .     Gourm    .     b - +1 robe
rNeg   . . .     Faith    .     (shield restricted)
rPois  .         Spirit   .     (helmet restricted)
rElec  .         Dismiss  .     (no cloak)
rCorr  .         Reflect  .     (gloves unavailable)
SustAt .         Harm     .     (boots unavailable)
MR     .....                    (no amulet)
Stlth  +++.......               (no ring)
                                (no ring)

@: very quick, not resistant to hostile enchantments, fairly stealthy
A: unfitting armour, see invisible, herbivore 3, speed 3, slow metabolism 2
a: no special abilities


You were on level 1 of the Dungeon.
You were not hungry.

You visited 1 branch of the dungeon, and saw 1 of its levels.

You collected 70 gold pieces.

Inventory:

Hand Weapons
 a - a +1 dagger (weapon)
Armour
 b - a +1 robe (worn)
Scrolls
 e - a scroll of teleportation {unknown}
 f - 2 scrolls of remove curse {unknown}
 g - 2 scrolls of enchant armour {unknown}
 h - a scroll of identify {unknown}
 i - a scroll of fear {unknown}
 j - a scroll of recharging {unknown}
Books
 c - a book of Maledictions

   Spells                             Type                      Level
   a - Corona                         Hexes                        1
   b - Ensorcelled Hibernation        Hexes/Ice                    2
   c - Confuse                        Hexes                        3
   d - Tukima's Dance                 Hexes                        3
   e - Dazzling Spray                 Conjuration/Hexes            3
Comestibles
 d - 2 bread rations


   Skills:
 + Level 1.1 Short Blades
 + Level 3.2 Dodging
 + Level 4.7 Stealth
 + Level 2.9 Spellcasting
 + Level 4.2 Hexes
 + Level 0.2 Ice Magic


You had 3 spell levels left.
You knew the following spells:

 Your Spells              Type           Power        Failure   Level  Hunger
a - Corona                Hex            ###....      4%          1    #......
b - Ensorcelled Hibernat  Hex/Ice        #.....       14%         2    ##.....


Dungeon Overview and Level Annotations

Branches:
Dungeon (1/15)

Altars:


Innate Abilities, Weirdness & Mutations

You are tiny and cannot use many weapons and most armour.
You have supernaturally acute eyesight.
You are a herbivore.
You cover ground extremely quickly.
You need consume almost no food.


Message History

The goblin is heavily wounded.
The goblin hits you but does no damage.
You barely miss the goblin.
The goblin is heavily wounded.
The goblin closely misses you.
You hit the goblin.
The goblin is severely wounded.
The goblin misses you.
You closely miss the goblin.
The goblin is severely wounded.
The goblin closely misses you.
A goblin comes into view.
The goblin shouts!
You hit the goblin.
You kill the goblin!
Casting: Ensorcelled Hibernation
Confirm with . or Enter, or press ? or * to list all spells.
Okay, then.
You barely miss the hobgoblin. The hobgoblin hits you with a club.
You die...

## ####.# ##
.#####..%...# #.. #
............# ..###.#
.####....... .......
.####....... ....g..
.........#.# ....>..
##.#.....#.#######.......
.........+......@g......#
##.#.....#..###########.#
$#.#.####.............
##)#.# #.####..(#####
.....# ##.## #........
##.#.###...# #......##
...........###..#...#
.###................#
...#.#########.#....#


You could see a hobgoblin and a goblin.

Vanquished Creatures
  3 goblins (D:1)
  3 hobgoblins (D:1)
  3 bats (D:1)
  2 giant newts (D:1)
  A kobold (D:1)
  12 rats (D:1)
24 creatures vanquished.

Notes
Turn   | Place    | Note
--------------------------------------------------------------
     0 | D:1      | juanjsm the Spriggan Enchanter began the quest for the Orb.
     0 | D:1      | Reached XP level 1. HP: 9/9 MP: 5/5
    35 | D:1      | Reached XP level 2. HP: 8/13 MP: 3/6
    50 | D:1      | Learned a level 2 spell: Ensorcelled Hibernation
   317 | D:1      | Slain by a hobgoblin

Skill      XL: |  1  2 |
---------------+-------+-----
Hexes          | 4 |  4.2
Short Blades   | |  1.1
Dodging        | |  3.2
Stealth        | |  4.7
Spellcasting   | |  2.9
Ice Magic      | |  0.2

Action                   || total
-------------------------++-------
Melee: Dagger            ||    68
 Cast: Corona            ||     4
       Ensorcelled Hiber ||     8
 Stab: Sleeping          ||     6
Armor: Robe              ||    11
Dodge: Dodged            ||    78
